Map: [ESL] Hardwire

Players

Ryung

  • Race: Terran Terran

Serral - Winner!

  • Race: Zerg Zerg

Event: IEM Katowice 2022

VOD

https://www.youtube.com/watch?v=GuyFNShx0zY

Description

Time

  • Played on: Feb. 24, 2022, 11:53 a.m.
  • Length: 6:29

All games in this series

Show
View Real Time Build Order
Export as new Build Order

Ryung Terran 

Build Orders: 2 Factory, Command Center First (CC), Hellion Opening 

Get SALT Encoding   

  12  0:00  SCV  
  13  0:12  SCV  
  14  0:16  Supply Depot  
  14  0:24  SCV  
  15  0:38  SCV  
  16  0:50  SCV  
  17  0:58  Command Center  
  17  1:02  SCV  
  18  1:13  Barracks  
  18  1:15  SCV  
  19  1:20  Refinery  
  19  1:27  SCV  
  19  1:28  Refinery  
  20  1:39  SCV  
  21  1:51  SCV  
  22  1:59  Marine  
  23  2:03  Orbital Command  
  23  2:07  Factory  
  23  2:12  Orbital Command  
  23  2:18  Barracks Reactor  
  23  2:24  Supply Depot  
  24  2:30  SCV  
  24  2:38  Factory  
  24  2:40  SCV  
  25  2:44  SCV  
  26  2:53  SCV  
  26  2:56  SCV, Starport  
  28  3:00  Hellion  
  28  3:04  Hellion  
  32  3:07  SCV  
  32  3:09  SCV  
  34  3:16  Supply Depot  
  35  3:20  SCV  
  35  3:21  SCV, Factory Tech Lab  
  35  3:24  Hellion  
  38  3:27  Hellion  
  38  3:32  Viking  
  42  3:34  SCV  
  42  3:37  SCV  
  44  3:45  Hellion  
  44  3:47  Hellion  
  48  3:51  SCV x2  
  50  3:57  Supply Depot  
  50  4:02  Medivac  
  52  4:06  SCV x2  
  54  4:20  Command Center  
  58  4:24  Widow Mine x3  
  58  4:26  Armory  
  58  4:29  SCV x2  
  62  4:31  Supply Depot  
  62  4:33  Barracks Tech Lab  
  62  4:44  Refinery x2  
  62  4:53  Widow Mine x2, SCV x2, Medivac  
  62  4:57  Barracks Reactor  
  62  4:58  Supply Depot  
  70  5:06  Supply Depot  
  70  5:20  Widow Mine, SCV x2  
  74  5:24  Widow Mine  
  78  5:32  SCV x2  
  78  5:36  Medivac  
  78  5:40  SCV  
  77  5:44  SCV x2  
  78  5:52  SCV  
  78  5:53  Widow Mine  
  70  6:04  Hellion  
  64  6:14  SCV  
  64  6:15  SCV  
Show
View Real Time Build Order
Export as new Build Order

Serral Zerg - Winner!

Build Orders: Hatch First 

Get SALT Encoding   

  12  0:00  Drone  
  13  0:12  Overlord  
  13  0:16  Drone  
  14  0:30  Drone x2  
  16  0:48  Hatchery  
  15  0:51  Drone  
  15  0:54  Drone  
  17  0:57  Drone  
  18  1:08  Extractor  
  17  1:13  Spawning Pool  
  17  1:16  Drone  
  17  1:19  Drone  
  18  1:28  Drone  
  19  1:38  Drone  
  20  1:56  Drone  
  20  1:59  Queen x2  
  20  2:00  Zergling x4  
  27  2:10  Overlord  
  27  2:11  Drone  
  28  2:22  Hatchery  
  28  2:25  Drone  
  28  2:28  Drone  
  29  2:33  Drone x2  
  31  2:37  Metabolic Boost  
  31  2:45  Queen  
  31  2:51  Overlord  
  33  2:53  Drone  
  33  2:56  Drone  
  33  2:58  Drone  
  36  3:02  Pneumatized Carapace  
  36  3:10  Drone x3  
  36  3:11  Drone  
  40  3:15  Overlord  
  40  3:21  Drone x2  
  40  3:25  Queen  
  44  3:34  Queen  
  44  3:35  Overlord  
  44  3:38  Drone  
  48  3:41  Zergling x4  
  48  3:45  Drone x3  
  52  3:49  Zergling x2  
  53  3:56  Baneling Nest  
  53  3:57  Roach Warren  
  53  3:58  Drone  
  53  4:01  Zergling x2  
  53  4:02  Extractor x2  
  54  4:11  Spore Crawler  
  54  4:12  Spore Crawler  
  54  4:14  Drone x2  
  55  4:18  Overlord x3  
  55  4:26  Drone x2  
  55  4:39  Roach x8  
  55  4:44  Roach x2  
  75  4:46  Overlord  
  75  4:50  Zergling x4  
  77  4:54  Zergling x4  
  77  4:58  Overlord  
  79  5:00  Overlord  
  79  5:04  Zergling x4  
  81  5:13  Zergling x12  
  87  5:20  Ravager x3  
  90  5:24  Ravager x2  
  92  5:30  Spore Crawler  
  91  5:40  Spore Crawler  
  91  5:41  Drone x6  
  94  5:48  Spore Crawler  
  91  6:02  Drone x7  
  95  6:16  Ravager  
  95  6:17  Ravager  
  95  6:22  Ravager  

Tags
 
Add a new tag
Caveats
  • Supply blocks, unpowered buildings, or Contaminate may cause inaccurate times.
  • Supply counts are checked every 10 seconds.